 Dungeon Crawl Stone Soup version 0.17.0-7-gfadd4cc (console) character file.

22 gw the Skirmisher (level 2, 0/27 HPs)
             Began as a Minotaur Abyssal Knight on Nov 9, 2015.
             Was a Follower of Lugonu.
             Slain by an adder (4 damage)
             ... on level 2 of the Dungeon.
             The game lasted 00:01:04 (1133 turns).

gw the Skirmisher (Minotaur Abyssal Knight)         Turns: 1133, Time: 00:01:04

Health: 0/27       AC:  5    Str: 16    XL:     2   Next: 68%
Magic:  2/2        EV: 10    Int:  9    God:    Lugonu [*.....]
Gold:   46         SH:  0    Dex:  9    Spells: 0 memorised, 1 level left

rFire  . . .     SeeInvis .     a - +1 mace
rCold  . . .     Clarity  .     e - +0 ring mail
rNeg   . . .     SustAt   .     (no shield)
rPois  .         Gourm    .     (helmet restricted)
rElec  .         Spirit   .     (no cloak)
rCorr  .         Warding  .     (no gloves)
rMut   .         Stasis   .     (no boots)
MR     .....                    (no amulet)
Stlth  ..........               (no ring)
                                (no ring)

@: lethally poisoned (0 -> -2), not resistant to hostile enchantments, extremely
unstealthy
A: retaliatory headbutt, horns 2
a: Depart the Abyss, Renounce Religion


You were on level 2 of the Dungeon.
You worshipped Lugonu.
Lugonu was aware of your devotion.
You were not hungry.

You visited 1 branch of the dungeon, and saw 2 of its levels.
You visited the Abyss 1 time.

You collected 46 gold pieces.

Inventory:

Hand Weapons
 a - a +1 mace (weapon)
Missiles
 b - 6 javelins of penetration (quivered)
 d - 11 poisoned needles
Armour
 e - a +0 ring mail (worn)
Comestibles
 c - a bread ration


   Skills:
 + Level 3.8 Fighting
 * Level 2.8 Maces & Flails
 + Level 1.0 Throwing
 + Level 2.8 Armour
 - Level 1.1 Dodging
 + Level 2.1 Invocations


You had one spell level left.
You didn't know any spells.

Dungeon Overview and Level Annotations

Branches:
Dungeon (2/15)

Altars:


Innate Abilities, Weirdness & Mutations

You reflexively headbutt those who attack you in melee.
You have a pair of horns on your head.


Message History

Unknown command.
Unknown command.
MOVING TO (4,-2) Unknown command.
Unknown command.
Unknown command.
ATTACKING (-1,0)
You closely miss the adder.
You feel sick. The adder bites you. The adder bites you but does no damage.
Unknown command.
Unknown command.
Unknown command.
Unknown command.
MOVING TO (3,-2) Unknown command.
Unknown command.
Unknown command.
MOVING TO (2,-1)
The hobgoblin closely misses you. The adder bites you.
You die...

..# #### .(... #.#
#..# ..!... #.######
##..## ......
#......###....##
......
..####.##.?....#
#...... #)#
#.##......###.......
#.#
#..#......##........
### ##..)....###...#
#..##....SH..## #
#..##....g..###..#
#.#..##..#)..........
#...?##..............
#..#........#........
#...........#........
#..#........####....#
#..............##[...
#......####..#.[ ##.#


You could see an adder and a hobgoblin.

Table legend:
 A = Turns spent in this place as a percentage of turns spent in the entire game.
 B = Non-inter-level travel turns spent in this place as a percentage of non-inter-level travel turns spent in the entire game.
 C = Inter-level travel turns spent in this place as a percentage of turns spent in this place.
 D = Turns resting spent in this place as a percentage of non-inter-level travel turns spent in this place.
 E = Turns spent auto-exploring this place as a percentage of non-inter-level travel turns spent in this place.
 F = Non-inter-level travel turns spent in this place divided by the number of levels of this place that you've seen.
                   A       B       C       D       E      F
               +-------+-------+-------+-------+-------+----------------------
         Total | 100.0 | 100.0 |   0.5 |   0.3 |   3.1 | 512.7
       Dungeon |  96.9 |  96.9 |   0.5 |   0.3 |   3.0 | 745.0
         Abyss |   3.1 |   3.1 |   0.0 |   0.0 |   6.2 |  48.0
               +-------+-------+-------+-------+-------+----------------------

Table legend:
 A = Kills in this place as a percentage of kills in entire the game.
 B = Kills by you in this place as a percentage of kills by you in the entire game.
 C = Kills by friends in this place as a percentage of kills by friends in the entire game.
 D = Other kills in this place as a percentage of other kills in the entire game.
 E = Experience gained in this place as a percentage of experience gained in the entire game.
 F = Experience gained in this place divided by the number of levels of this place that you have seen.
                   A       B       C       D       E      F
               +-------+-------+-------+-------+-------+----------------------
         Total | 100.0 | 100.0 |  -nan |  -nan | 100.0 |  10.7
       Dungeon | 100.0 | 100.0 |  -nan |  -nan | 100.0 |  16.0
               +-------+-------+-------+-------+-------+----------------------

Vanquished Creatures
  A giant cockroach (D:1)
  4 hobgoblins (D:1)
  2 kobolds
  A ball python (D:1)
  4 bats
  2 giant newts (D:1)
  5 goblins
  4 rats
23 creatures vanquished.

Notes
Turn   | Place    | Note
--------------------------------------------------------------
     0 | Abyss:1  | gw the Minotaur Abyssal Knight began the quest for the Orb.
     0 | Abyss:1  | Reached XP level 1. HP: 19/19 MP: 1/1
   108 | Abyss:1  | Noticed a large abomination
   109 | D:1      | Escaped the Abyss
   372 | D:1      | Reached XP level 2. HP: 27/27 MP: 2/2
   647 | D:1      | Reached * piety under Lugonu
  1092 | D:2      | Reached skill level 1 in Throwing
  1133 | D:2      | Slain by an adder

Action                   || total
-------------------------++-------
Melee: Mace              ||    27
Throw: Javelin           ||    15
Invok: Depart the Abyss  ||     1
  Eat: Chunk             ||     1

Vault maps used:
D:1:      dpeg_arrival_court, grunt_decor_mini_mirrors, minmay_liquid_box,
          minivault_25, roderic_lattice_a, serial_bayou_crossing
D:2:      fedhas_altar_fruit_tree, uniq_jessica, uniq_terence, uniq_iyjb,
          uniq_crazy_yiuf_cottage
